 Dungeon Crawl Stone Soup version 0.19-a0-1638-ga6c562e (webtiles) character file.

148 LORDOFBUTT the Covert (level 5, 0/34 HPs)
             Began as an Octopode Assassin on Sept 14, 2016.
             Slain by Terence
             ... wielding a +0 trident
              (5 damage)
             ... on level 3 of the Dungeon on Sept 19, 2016.
             The game lasted 00:02:56 (1500 turns).

LORDOFBUTT the Covert (Octopode Assassin)           Turns: 1500, Time: 00:02:57

Health: 0/34       AC:  1    Str: 10    XL:     5   Next: 30%
Magic:  14/14      EV: 13    Int: 14    God:
Gold:   163        SH:  0    Dex: 14    Spells: 0 memorised, 4 levels left

rFire  + . .     SeeInvis .     a - +2 dagger
rCold  x . .     Gourm    .     (no shield)
rNeg   . . .     Faith    .     (helmet restricted)
rPois  +         Spirit   .     (no amulet)
rElec  .         Dismiss  .     e - ring of fire
rCorr  .         Reflect  .     k - ring of magical power
MR     .....     Harm     .     u - ring of poison resistance
Stlth  +++++.....               (no ring)
                                (no ring)
                                (no ring)
                                (no ring)
                                (no ring)

@: no status effects
A: almost no armour, stealthy swim, amphibious, 8 rings, constrict 8, camouflage
1, gelatinous body 1
a: no special abilities


You were on level 3 of the Dungeon.
You were not hungry.

You visited 1 branch of the dungeon, and saw 3 of its levels.

You collected 163 gold pieces.

Inventory:

Hand Weapons
 a - a +2 dagger (weapon)
 b - a +0 blowgun
Missiles
 c - 8 poisoned needles
 d - 2 curare-tipped needles
Jewellery
 e - a ring of fire (left tentacle)
 k - a ring of magical power (right tentacle)
 u - a ring of poison resistance (on tentacle)
Scrolls
 g - a scroll of recharging {unknown}
 h - a scroll of remove curse
 i - a scroll of noise {unknown}
 p - a scroll of teleportation {unknown}
 r - a scroll of fear {unknown}
 s - a scroll of immolation {unknown}
Potions
 f - a potion of flight {unknown}
 j - 2 potions of curing {unknown}
 l - 2 potions of berserk rage {unknown}
 m - 2 potions of lignification {unknown}
 n - a potion of heal wounds {unknown}
 o - a potion of mutation {unknown}
 q - a potion of brilliance {unknown}
Comestibles
 t - a meat ration


   Skills:
 + Level 2.1 Fighting
 + Level 2.2 Short Blades
 + Level 2.0 Throwing
 + Level 1.5 Dodging
 + Level 8.4 Stealth


You had 4 spell levels left.
You didn't know any spells.

Dungeon Overview and Level Annotations

Branches:
Dungeon (3/15)

Altars:

Annotations:
D:3 Terence


Innate Abilities, Weirdness & Mutations

You cannot wear most types of armour.
You are very stealthy in the water.
You are amphibious.
You can wear up to eight rings at the same time.
You can use your tentacles to constrict eight enemies at once.
Your skin changes colour to match your surroundings (Stealth+).
Your rubbery body absorbs attacks. (AC +1, EV +1)


Message History

You hit Terence but do no damage.
Terence is lightly wounded.
You constrict Terence. Terence hits you with a trident!
You hit Terence but do no damage.
Terence is lightly wounded.
You constrict Terence, but do no damage.
Terence hits you with a trident!
* * * LOW HITPOINT WARNING * * *
You are too injured to fight recklessly!
You are too injured to fight recklessly!
You release your grip on Terence.
Terence hits you from afar with a trident.
* * * LOW HITPOINT WARNING * * *
Okay, then.
Okay, then.
Sorry, you're not good enough to have a special ability.
As you read the scroll labeled DOTTAUREPP, it crumbles to dust.
You feel blessed for a moment.
It was a scroll of remove curse.
Terence hits you from afar with a trident.
You die...

#.# ......$..######
#.# #######.## ##.#
#.# #..# #.######
#.# ##.##
#......###.#
...########)#.##.##
.<.........###..@.#
...########.#.##..#
#### #..# ##.###@.#
..# ...# #.# #..#
#.. ##.# #.# #....
##.## ...# #.#
##.########...####
#### #.# ..
............ #
##.## ###
####...###.
#########
#...######### ##.##
#. ........#
#....)......#####.#
#. #######.#
#...#######.......#
#.


You could see Terence.

Vanquished Creatures
  Natasha (twice) (D:3)
  3 adders
  3 worms
  A dart slug (D:1)
  A leopard gecko (D:2)
  9 bats
  6 giant cockroaches
  11 goblins
  4 hobgoblins
  3 ball pythons
  2 frilled lizards
  3 kobolds
  16 rats
64 creatures vanquished.

Notes
Turn   | Place    | Note
-------+----------+-------------------------------------------
     0 | D:1      | LORDOFBUTT the Octopode Assassin began the quest for the Orb.
     0 | D:1      | Reached XP level 1. HP: 14/14 MP: 1/1
    53 | D:1      | Upgraded the game from 0.19-a0-1553-g64c24c3 to 0.19-a0-1638-ga6c562e
    70 | D:1      | Reached XP level 2. HP: 19/19 MP: 2/2
   203 | D:1      | Reached skill level 6 in Stealth
   444 | D:1      | Reached XP level 3. HP: 23/24 MP: 3/3
   829 | D:2      | Reached skill level 7 in Stealth
   960 | D:2      | Reached XP level 4. HP: 27/29 MP: 4/4
  1287 | D:3      | Noticed Natasha
  1290 | D:3      | Killed Natasha
  1404 | D:3      | Reached skill level 8 in Stealth
  1428 | D:3      | Reached XP level 5. HP: 34/34 MP: 5/5
  1444 | D:3      | Noticed Natasha
  1451 | D:3      | Killed Natasha
  1484 | D:3      | Noticed Terence
  1500 | D:3      | Slain by Terence

Vault maps used:
D:1:      roderic_crossed_star
D:2:      minmay_rat_gold_closets
D:3:      uniq_terence, uniq_natasha

Skill      XL: |  1  2  3  4 |
---------------+-------------+-----
Stealth        | 6 7 8 |  8.4
Fighting       | |  2.1
Short Blades   | |  2.2
Throwing       | |  2.0
Dodging        | |  1.5

Action                   |  1- 3 |  4- 6 || total
-------------------------+-------+-------++-------
Melee: Dagger            |    71 |    28 ||    99
       Constrict         |    12 |     3 ||    15
       Tentacles         |     8 |     2 ||    10
  Use: Scroll            |       |     1 ||     1
 Stab: Sleeping          |    21 |    13 ||    34
  Eat: Bread ration      |       |     1 ||     1
Armor: Skin              |     7 |     4 ||    11
Dodge: Dodged            |    35 |     5 ||    40
